AoeStats
← yt536390

Arabia

510077478Analyzed
1v1 RM · 4d ago on Sep 29, 2026· 19m 40s· 2 players
Game mode
Random Map
Map size
Tiny (2 player)
Population
200
Speed
Normal
Resources
Standard
Victory
Conquest
Starting age
Dark Age
Ending age
Imperial Age
RankedLock teamsTeams togetherTeam positionsShared explorationLock speedFull tech treeHidden civsTurbo modeCheats
Victory
Defeat
🇭🇰 Koreans · Hong Kong SAR China
1966
+9
🇨🇳 Spanish · China
1815
-9
-GNG-OverHabit
8:06 Loom
11:27 Feudal Age
12:00 Double-Bit Axe
18:03 Castle Age
16:26 Fletching
16:39 Horse Collar
18:41 Bodkin Arrow
19:19 Bow Saw
yt536390
6:23 Loom
9:44 Feudal Age
10:18 Double-Bit Axe
10:18 Horse Collar
18:35 Castle Age
17:10 Gold Mining
Connection lost

Rejoining the realm…

Still unreachable

The connection could not be restored.

Session expired

The server has moved on; the page needs a fresh start.